 Dungeon Crawl Stone Soup version 0.20-a0-1122-gb7cbeb9 (webtiles) character file.

23 MenacingMecha the Slasher (level 2, 0/22 HPs)
             Began as a Demonspawn Gladiator on May 11, 2017.
             Slain by an adder (2 damage)
             ... on level 1 of the Dungeon.
             The game lasted 00:01:36 (805 turns).

MenacingMecha the Slasher (Demonspawn Gladiator)     Turns: 805, Time: 00:01:36

Health: 0/22       AC:  5    Str: 14    XL:     2   Next: 72%
Magic:  2/2        EV: 12    Int:  9    God:
Gold:   42         SH:  0    Dex: 14    Spells: 1/1 levels left

rFire    + . .     SeeInvis .   a - +0 long sword
rCold    + . .     Gourm    .   (no shield)
rNeg     . . .     Faith    .   b - +0 leather armour
rPois    +         Spirit   .   c - +0 helmet
rElec    +         Reflect  .   (no cloak)
rCorr    +         Harm     .   k - +0 pair of gloves (curse)
MR       .....                  (no boots)
Stlth    +.........             (no amulet)
Regen    0.1/turn               (no ring)
MPRegen  0.1/turn               (no ring)

@: lethally poisoned (0 -> -3), resistant
A: hooves 1
a: no special abilities


You were on level 1 of the Dungeon.
You were not hungry.

You visited 1 branch of the dungeon, and saw 2 of its levels.

You collected 42 gold pieces.

Inventory:

Hand Weapons
 a - a +0 long sword (weapon)
Missiles
 d - 3 throwing nets
 l - 6 tomahawks of returning (quivered)
 m - 7 poisoned needles
Armour
 b - a +0 leather armour (worn)
 c - a +0 helmet (worn)
 k - a cursed +0 pair of gloves (worn)
   (You found it on level 1 of the Dungeon)
Scrolls
 e - 2 scrolls of remove curse {unknown}
 h - 5 scrolls of identify {unknown}
 i - a scroll of fog {unknown}
Comestibles
 f - a bread ration
 g - a chunk of flesh
 j - a fruit


   Skills:
 - Level 2.0 Fighting
 + Level 3.6 Long Blades
 - Level 1.7 Throwing
 - Level 2.6 Dodging


You had one spell level left.
You didn't know any spells.

Dungeon Overview and Level Annotations

Branches:
Dungeon (2/15)

Altars:
Vehumet


Innate Abilities, Weirdness & Mutations

You have large cloven feet.


Message History

The frilled lizard bites you.
You hit the frilled lizard.
You kill the frilled lizard!
A bat comes into view.
The bat hits you but does no damage.
You see here a frilled lizard corpse.
You hit the bat but do no damage. The bat misses you.
You riposte.
You hit the bat.
You kill the bat!
You see here a frilled lizard corpse.
You see here a frilled lizard corpse.
You butcher the frilled lizard corpse.
g - 7 chunks of flesh (gained 1)
Found a stone staircase leading down.
A rat comes into view.
You slash the rat!
You kill the rat!
h - 5 scrolls labeled MUUMOCE SUNAEGG (gained 1) Some of the chunks of flesh in your inventory have rotted away.
There is a stone staircase leading down here.
Some of the chunks of flesh in your inventory have rotted away.
You see here a robe.
Done exploring.
Done exploring.
There is a stone staircase leading down here.
You climb downwards.
A leopard gecko, a bat, a rat, a goblin and 2 snakes come into view.
The goblin shouts!
The leopard gecko hisses angrily.
Found 20 gold pieces, a meat ration and 8 poisoned needles.
Found a stone staircase leading up.
There is a stone staircase leading up here.
A hobgoblin comes into view.
The adder hisses angrily.
The hobgoblin shouts!
Found a stone staircase leading down.
A hobgoblin comes into view. It is wielding a club.
A rat comes into view.
The hobgoblin shouts!
The ball python hisses angrily.
There is a stone staircase leading up here.
The bat barely misses you.
You riposte.
You hit the bat. You kick the bat, but do no damage.
The bat is moderately wounded.
The ball python closely misses you.
You riposte.
You hit the ball python but do no damage.
The ball python grabs you.
You stop ascending the stairs.
The ball python constricts you. The bat closely misses you.
You barely miss the ball python. The bat hits you but does no damage.
The bat closely misses you. The ball python bites you.
The ball python constricts you. The bat closely misses you.
The adder closely misses you. The ball python barely misses you.
The ball python constricts you.
You hit the ball python but do no damage.
The bat closely misses you. The bat hits you but does no damage.
The adder bites you.
You are poisoned.
The adder poisons you! The ball python closely misses you.
The ball python constricts you. The adder bites you.
You barely miss the ball python. Your kick misses the ball python.
You feel sick. The bat hits you but does no damage.
The ball python bites you but does no damage.
The ball python constricts you. The leopard gecko barely misses you.
The rat bites you but does no damage. The adder barely misses you.
You riposte.
You barely miss the adder.
The ball python bites you but does no damage.
The ball python constricts you.
You hit the ball python.
You kill the ball python!
The bat hits you but does no damage. The adder bites you.
* * * LOW HITPOINT WARNING * * *
The leopard gecko closely misses you. The leopard gecko barely misses you.
You riposte.
You miss the leopard gecko.
You kick the leopard gecko, but do no damage.
The adder closely misses you.
You riposte.
You barely miss the adder.
* * * LOW HITPOINT WARNING * * *
You feel sick. The bat barely misses you.
You riposte.
You completely miss the bat. The rat bites you but does no damage.
The adder bites you but does no damage. The leopard gecko barely misses you.
The hobgoblin barely misses you.
You climb upwards.
There is a stone staircase leading down here.
It was a potion of resistance.
You feel protected.
* * * LOW HITPOINT WARNING * * *
You feel sick.
The hobgoblin hits you but does no damage.
The rat bites you.
* * * LOW HITPOINT WARNING * * *
The adder barely misses you.
You miss the adder. The adder barely misses you.
You riposte.
You closely miss the adder. Your kick misses the adder.
The hobgoblin barely misses you.
You riposte.
You closely miss the hobgoblin. Your kick misses the hobgoblin.
The rat completely misses you. The adder bites you but does no damage.
The rat bites you but does no damage.
The hobgoblin hits you but does no damage.
You barely miss the adder. The adder closely misses you.
The hobgoblin hits you but does no damage.
The rat bites you but does no damage.
You hit the adder.
The adder is moderately wounded.
The adder bites you.
You die...

#...)# #########.###.# #.##
#.#### #.'.#.######.# #.#
#.#.#........# #.#
####.#.#..######## #.#
#....#.#..# # #.#
##....#.##.## # #.#
#l....'.<#..####### #.##
#gr...#.##.........
#..#########@###.#.#.......###
##...##...##S# #.#.#.......#
###....#.##g# #.#.#......##
######.##.# #.'.#......####
#..#.#######.......##.
##....................
###..)...######.#.##. ########
#........ ##.....###


You could see an adder, a leopard gecko, 2 hobgoblins and a rat.

Vanquished Creatures
  3 hobgoblins (D:1)
  4 jackals (D:1)
  2 kobolds (D:1)
  A ball python (D:2)
  4 bats (D:1)
  2 frilled lizards (D:1)
  3 goblins (D:1)
  3 rats (D:1)
22 creatures vanquished.

Notes
Turn   | Place    | Note
-------+----------+-------------------------------------------
     0 | D:1      | MenacingMecha the Demonspawn Gladiator began the quest for the Orb.
     0 | D:1      | Reached XP level 1. HP: 16/16 MP: 1/1
    13 | D:1      | Reached skill level 3 in Long Blades
   178 | D:1      | Gained mutation: You have large cloven feet. [demonic ancestry]
   178 | D:1      | Reached XP level 2. HP: 22/22 MP: 2/2
   477 | D:1      | Found a radiant altar of Vehumet.
   800 | D:2      | HP: 5/22 [poisoned by an adder]
   802 | D:1      | HP: 2/22 [rat (2)]
   805 | D:1      | Slain by an adder

Vault maps used:
D:1:      minmay_arrival_three_doors, kennysheep_flooded_box
D:2:      chequers_ecumenical_altar_simple, kennysheep_generic_room_6,
          uniq_jessica

Skill      XL: |  1 |
---------------+----+-----
Long Blades    | 3 |  3.6
Fighting       | |  2.0
Throwing       | |  1.7
Dodging        | |  2.6

Action                   || total
-------------------------++-------
Melee: Long sword        ||    56
       Kick              ||     8
  Use: Potion            ||     1
Armor: Leather armour    ||    40
Dodge: Dodged            ||    53
       Rpst.: Long sword ||    20

Vault maps used:
D:1:      minmay_arrival_three_doors, kennysheep_flooded_box
D:2:      chequers_ecumenical_altar_simple, kennysheep_generic_room_6,
          uniq_jessica

Table legend:
 A = Turns spent in this place as a percentage of turns spent in the entire game.
 B = Non-inter-level travel turns spent in this place as a percentage of non-inter-level travel turns spent in the entire game.
 C = Inter-level travel turns spent in this place as a percentage of turns spent in this place.
 D = Turns resting spent in this place as a percentage of non-inter-level travel turns spent in this place.
 E = Turns spent auto-exploring this place as a percentage of non-inter-level travel turns spent in this place.
 F = Non-inter-level travel turns spent in this place divided by the number of levels of this place that you've seen.
                   A       B       C       D       E      F
               +-------+-------+-------+-------+-------+----------------------
         Total | 100.0 | 100.0 |   0.5 |   4.1 |   9.6 |  98.5
       Dungeon | 100.0 | 100.0 |   0.5 |   4.1 |   9.6 |  98.5
               +-------+-------+-------+-------+-------+----------------------

Table legend:
 A = Kills in this place as a percentage of kills in entire the game.
 B = Kills by you in this place as a percentage of kills by you in the entire game.
 C = Kills by friends in this place as a percentage of kills by friends in the entire game.
 D = Other kills in this place as a percentage of other kills in the entire game.
 E = Experience gained in this place as a percentage of experience gained in the entire game.
 F = Experience gained in this place divided by the number of levels of this place that you have seen.
                   A       B       C       D       E      F
               +-------+-------+-------+-------+-------+----------------------
         Total | 100.0 | 100.0 |  -nan |  -nan | 100.0 |  16.5
       Dungeon | 100.0 | 100.0 |  -nan |  -nan | 100.0 |  16.5
               +-------+-------+-------+-------+-------+----------------------
